 Dungeon Crawl Stone Soup version 0.30.1-3-gfc49f6343a (webtiles) character file.

Game seed: 6028044162977532387

26910 Pepete the Destroyer (level 13, -3/72 HPs)
             Began as a Gargoyle Fire Elementalist on July 27, 2023.
             Was an Elder of Vehumet.
             Slain by a freezing wraith (22 damage)
             ... on level 12 of the Dungeon.
             The game lasted 01:00:26 (41653 turns).

Pepete the Destroyer (Gargoyle Fire Elementalist)  Turns: 41653, Time: 01:00:27

Health: -3/72      AC: 21    Str: 12    XL:     13   Next: 29%
Magic:  29/35      EV: 11    Int: 21    God:    Vehumet [****..]
Gold:   1552       SH:  0    Dex: 10    Spells: 13/31 levels left

rFire   . . .        g - staff of poison
rCold   . . .        (no shield)
rNeg    + . .        M - +0 steam dragon scales
rPois   ∞            r - +2 helmet
rElec   +            q - +2 cloak
rCorr   .            l - +0 pair of gloves
SInv    .            (no boots)
Will    .....        (no amulet)
Stlth   ++           N - ring of wizardry
HPRegen 0.32/turn    B - ring of magical power
MPRegen 0.24/turn

%: wizardry (x1)
@: slowed, very slow
A: sickness immunity, AC +9, negative energy resistance 1, electricity
resistance, torment resistance 1, petrification resistance
a: Renounce Religion


You were on level 12 of the Dungeon.
You worshipped Vehumet.
Vehumet was greatly pleased with you.
You visited 3 branches of the dungeon, and saw 17 of its levels.
You also visited: Ossuary, Bailey and Gauntlet.

You collected 1552 gold pieces.

Inventory:

Hand Weapons
 a - the +5 mace of the Realm of Zot {vamp, Int+2 Dex+4}
   (You took it off an orc priest on level 5 of the Dungeon)

   Int:       It affects your intelligence (+2).
   Dex:       It affects your dexterity (+4).
 m - a +5 quarterstaff of chaos
 K - the +5 whip "Toxtiuxo" {elec, Int+3}
   (You found it on level 5 of the Dungeon)

   Int:       It affects your intelligence (+3).
 Y - the +2 demon blade "Ilupoc" {drain, rF+++ rCorr Int-3 Stlth+}
   (You took it off a wight on level 9 of the Dungeon)

   Int:       It affects your intelligence (-3).
   rF:        It renders you almost immune to fire.
   rCorr:     It protects you from acid and corrosion.
   Stlth:     It makes you more stealthy.
Armour
 l - a +0 pair of gloves (worn)
 q - a +2 cloak (worn)
 r - a +2 helmet (worn)
 M - +0 steam dragon scales (worn)
 P - a +0 tower shield
Magical Staves
 g - a staff of poison (weapon)
 u - a staff of cold
 T - a staff of conjuration
Jewellery
 j - a ring of flight
 s - a ring of resist corrosion
 w - a ring of positive energy
 B - a ring of magical power (right hand)
 I - a +5 ring of evasion
 N - a ring of wizardry (left hand)
 Z - a +6 ring of intelligence
Wands
 e - a wand of mindburst (5)
 v - a wand of roots (7)
 x - a wand of paralysis (13)
 L - a wand of flame (19)
 Q - a wand of digging (4)
Scrolls
 c - 4 scrolls of magic mapping
 f - a scroll of amnesia
 h - 4 scrolls of poison
 i - 7 scrolls of teleportation
 k - 2 scrolls of fear
 n - a scroll of summoning
 t - 2 scrolls of enchant weapon
 y - 4 scrolls of blinking
 z - 3 scrolls of identify
 C - 2 scrolls of brand weapon
 X - 2 scrolls of silence
Potions
 b - a potion of magic
 d - a potion of brilliance
 o - a potion of heal wounds
 p - 10 potions of curing
 F - 2 potions of cancellation
 G - 3 potions of might
 H - 4 potions of ambrosia
 J - a potion of invisibility
 R - a potion of flight
 S - 3 potions of mutation
Miscellaneous
 U - a phial of floods


   Skills:
 - Level 5.0 Fighting
 - Level 1.5 Dodging
 - Level 2.1 Stealth
 - Level 9.8 Shields
 + Level 9.9 Spellcasting
 + Level 11.5 Conjurations
 * Level 5.5 Summonings
 + Level 11.0 Fire Magic
 - Level 5.6 Poison Magic


You had 13 spell levels left.
You knew the following spells:

 Your Spells              Type           Power      Damage    Failure   Level
a - Foxfire               Conj/Fire      100%       2x1d9     1%          1
b - Scorch                Fire           100%       2d9       1%          2
c - Volatile Blastmotes   Fire/Tloc      66%        2d15      1%          3
d - Summon Guardian Gole  Hex/Summ       21%        N/A       2%          3
e - Fulminant Prism       Conj/Hex       17%        3d11      1%          4
f - Olgreb's Toxic Radia  Pois           50%        N/A       1%          4
g - Sting                 Tmut/Pois      100%       1d8       1%          1

Your spell library contained the following spells:

 Spells                   Type           Power      Damage    Failure   Level
 Irradiate                Conj/Tmut      17%        3d17      2%          5
 Magic Dart               Conj           100%       1d8       1%          1
 Summon Small Mammal      Summ           100%       N/A       1%          1
 Poisonous Vapours        Pois/Air       66%        N/A       1%          2
 Searing Ray              Conj           100%       2d8       1%          2
 Call Canine Familiar     Summ           33%        N/A       1%          3
 Inner Flame              Hex/Fire       33%        N/A       1%          3
 Flame Wave               Conj/Fire      55%        2d13      1%          4
 Arcjolt                  Conj/Air       17%        1d27      2%          5
 Lesser Beckoning         Tloc           20%        N/A       4%          2
 Gell's Gravitas          Tloc           10%        N/A       9%          3
 Teleport Other           Tloc           10%        N/A       9%          3
 Vhi's Electric Charge    Tloc/Air       20%        N/A       9%          3
 Dispersal                Tloc           5%         N/A       98%         6
 Maxwell's Capacitive Co  Air            5%         ∞         100%        8


Dungeon Overview and Level Annotations

Branches:
Dungeon (12/15)            Temple (1/1) D:4            Lair (4/5) D:10
 Shoals (0/4) Lair:3        Snake (0/4) Lair:2          Orc (0/2) D:11
Ossuary (visited)          Bailey (visited)         Gauntlet (visited)
  Slime: Lair:4-5

Altars:
Ashenzari
Cheibriados
Dithmenos
Elyvilon
Fedhas
Gozag
Hepliaklqana
Kikubaaqudgha
Makhleb
Nemelex Xobeh
Okawaru
Qazlal
Ru
Sif Muna
Trog
Uskayaw
Vehumet
Wu Jian
Xom
Yredelemnul
Zin
The Shining One

Shops:
D:8 *

Annotations:
D:3 3 runed translucent doors, Taurus's ghost, amateur MiFi


Innate Abilities, Weirdness & Mutations

You are immune to sickness and miasma.
Your stone body is resilient. (AC +9)
You are immune to poison.
You resist negative energy. (rN+)
You are resistant to electric shocks. (rElec)
You are resistant to unholy torment.
You are immune to petrification.


Message History

HP restored.
You start resting.
Magic restored.
You start waiting.
Done waiting.
You start waiting.
Done waiting.
You climb downwards.
The freezing wraith hits you but does no damage.
The freezing wraith closely misses you.
There is a stone staircase leading up here.
Casting: Foxfire (safe; 1% risk of failure)
Confirm with . or Enter, or press ? or * to list all spells.
A guardian golem appears, shielding your allies.
The freezing wraith hits you! The freezing wraith freezes you!
The freezing wraith hits you! The freezing wraith drains your vigour!
You feel yourself slow down.
Casting: Summon Guardian Golem (mildly dangerous; 2% risk of failure)
Confirm with . or Enter, or press ? or * to list all spells.
Flames lash the freezing wraith.
The freezing wraith is burned terribly!
The freezing wraith is moderately damaged.
The freezing wraith's fire resistance burns away.
A vampire comes into view.
The freezing wraith barely misses you.
The freezing wraith hits you but does no damage.
The vampire mumbles some strange words.
The vampire flickers and vanishes!
Deactivating autopickup; reactivate with Ctrl-A.
The freezing wraith hits you but does no damage. x2
Casting: Scorch (safe; 1% risk of failure)
Confirm with . or Enter, or press ? or * to list all spells.
Flames lash the freezing wraith.
The freezing wraith is burned terribly!
The freezing wraith is heavily damaged.
The freezing wraith hits you. The freezing wraith freezes you!
The freezing wraith hits you but does no damage.
Unknown command.
The freezing wraith hits you!
* * * LOW HITPOINT WARNING * * *
The freezing wraith freezes you!!
You die...

.<# ## ##
.. ..
.... #.
.#. ##.
#. ..
..$. #.
.#.....
#W#.....#
#9@# #..#
#..# ....
....#
......
.##...#
#. #...#


You could see a freezing wraith (combustible, ally target) and a friendly
guardian golem (summoned).

Vanquished Creatures
  Fannar (D:11)
  A catoblepas (Lair:2)
  Pikel (D:4)
  A lindwurm (Lair:4)
  A cyclops (D:9)
  6 elephants
  2 black mambas
  A torpor snail (Lair:4)
  5 cane toads
  Maggie (D:6)
  A kobold demonologist (D:11)
  3 unseen horrors (D:11)
  2 unseen horror zombies (D:9)
  2 rime drakes (Lair:3)
  3 komodo dragons
  A troll (D:10)
  2 polar bears
  A hornet (D:8)
  8 blink frogs
  15 yaks
  A vampire (D:11)
  2 wyverns
  A basilisk (Lair:1)
  4 vampire mosquitoes
  Menkaure (Ossuary)
  A naga (Lair:2)
  3 acid dragons
  Duvessa (D:5)
  4 water moccasins
  2 ice beasts (D:7)
  6 orc warriors
  8 black bears
  3 ogres
  3 centaurs
  2 lemures (D:4)
  10 kobold brigands
  A wyvern zombie (D:9)
  11 bullfrogs
  4 scorpions
  13 wights
  Dowan (D:6)
  14 killer bees
  3 centaur zombies (D:9)
  A human zombie (D:9)
  3 jellies
  5 hounds
  Crazy Yiuf (D:2)
  7 orc priests
  Jessica (D:2)
  2 iguanas
  A sleepcap (D:4)
  12 orc wizards
  7 mummies
  3 adders
  6 gnolls
  A shadow imp (D:5)
  2 ufetubi
  3 worms
  3 dart slugs
  48 orcs
  An endoplasm (D:2)
  4 giant cockroaches
  3 gnoll zombies (Ossuary)
  8 goblins
  A hobgoblin (D:1)
  4 jackals (D:4)
  2 quokkas
  3 ball pythons
  2 frilled lizards
  3 gnoll skeletons (Ossuary)
  4 goblin skeletons (Ossuary)
  6 goblin zombies (Ossuary)
  3 hobgoblin skeletons (Ossuary)
  3 hobgoblin zombies (Ossuary)
  38 kobolds
  5 kobold skeletons (Ossuary)
  6 kobold zombies (Ossuary)
  5 orc skeletons (Ossuary)
  5 orc zombies (Ossuary)
  4 rats
  5 rat skeletons (Ossuary)
  2 rat zombies (Ossuary)
380 creatures vanquished.

Vanquished Creatures (collateral kills)
  6 foxfires
6 creatures vanquished.

Vanquished Creatures (others)
  A hydra (D:10)
  A boulder beetle (D:10)
  An ugly thing (D:10)
  2 elephants (Lair:4)
  A hornet (D:9)
  7 yaks
  3 orc warriors (Bailey)
  A black bear (Lair:2)
  2 kobold brigands (Bailey)
  A wight (D:9)
  A killer bee (D:11)
  2 orc wizards
  2 orcs (D:11)
  1578 foxfires
  3 fulminant prisms (D:9)
1606 creatures vanquished.

Grand Total: 1992 creatures vanquished

Notes
Turn   | Place    | Note
-------+----------+-------------------------------------------
     0 | D:1      | Pepete the Gargoyle Fire Elementalist began the quest for
                  | the Orb.
     0 | D:1      | Reached XP level 1. HP: 10/10 MP: 3/3
   436 | D:1      | Reached XP level 2. HP: 15/15 MP: 0/5
  1539 | D:2      | Learned a level 2 spell: Scorch
  1702 | D:2      | Found a hide-covered altar of Uskayaw.
  1777 | D:2      | Noticed Jessica
  1780 | D:2      | Killed Jessica
  1781 | D:2      | Reached XP level 3. HP: 19/19 MP: 2/6
  3089 | D:2      | Found a runed translucent door.
  3146 | D:2      | Noticed Crazy Yiuf
  3246 | D:2      | Killed Crazy Yiuf
  3247 | D:2      | Reached XP level 4. HP: 12/24 MP: 4/8
  4075 | D:3      | Found a runed translucent gate.
  4075 | D:3      | Found a runed translucent gate.
  4075 | D:3      | Found a runed translucent gate.
  4090 | D:3      | Noticed Taurus's ghost (amateur MiFi)
  4608 | D:4      | Noticed an ogre
  4610 | D:4      | Found a staircase to the Ecumenical Temple.
  4634 | D:3      | Killed an ogre
  4635 | D:3      | Reached XP level 5. HP: 25/28 MP: 0/10
  4923 | D:3      | Reached XP level 6. HP: 31/32 MP: 2/11
  5479 | Temple   | Entered the Ecumenical Temple
  5656 | Temple   | Became a worshipper of Vehumet
  7203 | D:4      | Reached skill level 5 in Fire Magic
  7203 | D:4      | Reached XP level 7. HP: 36/36 MP: 6/13
  7678 | D:5      | Entered Level 5 of the Dungeon
  8302 | D:5      | Reached skill level 5 in Conjurations
  8611 | D:5      | Identified the +5 mace of the Realm of Zot {vamp, Int+2
                  | Dex+4}
  8818 | D:5      | Reached skill level 1 in Fighting
  9006 | D:5      | Reached XP level 8. HP: 44/44 MP: 8/15
  9238 | D:5      | Learned a level 3 spell: Volatile Blastmotes
  9413 | D:5      | Found an ornate altar of the Wu Jian Council.
  9589 | D:5      | Noticed Pikel
  9819 | D:4      | Killed Pikel
  9820 | D:4      | Reached skill level 5 in Spellcasting
 10125 | D:5      | Identified the +5 whip "Toxtiuxo" {elec, Int+3}
 10400 | D:6      | Reached skill level 5 in Fighting
 10412 | D:6      | Found a sand-covered staircase.
 10424 | D:6      | Reached XP level 9. HP: 54/54 MP: 5/17
 10557 | Ossuary  | Entered an ossuary
 11420 | Ossuary  | Reached * piety under Vehumet
 11420 | Ossuary  | Offered knowledge of Freeze by Vehumet.
 13942 | Ossuary  | Noticed Menkaure
 13947 | Ossuary  | Killed Menkaure
 15060 | D:6      | Found a glowing golden altar of the Shining One.
 15176 | D:6      | Noticed Duvessa
 15176 | D:6      | Noticed Dowan
 15183 | D:6      | Noticed Maggie
 15187 | D:6      | Killed Dowan
 15813 | D:5      | Killed Duvessa
 16179 | D:6      | Reached ** piety under Vehumet
 16179 | D:6      | Offered knowledge of Sandblast by Vehumet.
 16209 | D:6      | Killed Maggie
 17973 | D:7      | Reached skill level 1 in Summonings
 18380 | D:7      | Reached XP level 10. HP: 59/59 MP: 14/20
 18757 | D:7      | Reached skill level 1 in Shields
 19230 | D:8      | Found Lunir's General Store.
 19380 | D:8      | Offered knowledge of Poisonous Vapours by Vehumet.
 19501 | D:8      | Found a flagged portal.
 19564 | Bailey   | Entered a bailey
 19588 | Bailey   | Reached *** piety under Vehumet
 19926 | Bailey   | Learned a level 3 spell: Summon Guardian Golem
 20236 | Bailey   | Found a burning altar of Makhleb.
 20244 | Bailey   | Identified the +0 plate armour of Reuryeri {Dex+4 Slay+3}
 20361 | D:8      | Found a hide-covered altar of Uskayaw.
 20965 | D:9      | Offered knowledge of Ignite Poison by Vehumet.
 22078 | D:9      | Identified the +2 demon blade "Ilupoc" {drain, rF+++ rCorr
                  | Int-3 Stlth+}
 22421 | D:9      | Found a shadowy altar of Dithmenos.
 22926 | D:9      | Reached **** piety under Vehumet
 22931 | D:9      | Identified the +9 war axe of the Establishment {drain, rN+}
 22949 | D:9      | Reached skill level 5 in Shields
 22949 | D:9      | Learned a level 4 spell: Fulminant Prism
 22961 | D:9      | Noticed a cyclops
 23280 | D:9      | Killed a cyclops
 23281 | D:9      | Reached XP level 11. HP: 40/63 MP: 18/22
 23756 | D:9      | Reached skill level 5 in Summonings
 24043 | D:9      | Offered knowledge of Irradiate by Vehumet.
 24499 | D:9      | Found a basalt altar of Yredelemnul.
 24934 | D:9      | Learned a level 4 spell: Olgreb's Toxic Radiance
 24936 | D:9      | Learned a level 1 spell: Sting
 24981 | D:10     | Entered Level 10 of the Dungeon
 25049 | D:10     | Noticed a seven-headed hydra
 25056 | D:10     | Killed a seven-headed hydra
 25057 | D:10     | Reached skill level 1 in Poison Magic
 25346 | D:10     | Found a staircase to the Lair.
 25428 | D:10     | Noticed a brown ugly thing
 25434 | D:10     | Killed a brown ugly thing
 25434 | D:10     | Noticed a boulder beetle
 27034 | D:10     | Killed a boulder beetle
 27358 | D:10     | Found a shimmering altar of Xom.
 27389 | D:10     | Found an opulent altar of Gozag.
 28242 | D:11     | Found a gate leading to a gauntlet.
 28254 | Gauntlet | Entered a Gauntlet
 28254 | Gauntlet | Found a transporter.
 28257 | Gauntlet | Found a transporter.
 28259 | Gauntlet | Noticed a moth of wrath
 28273 | Gauntlet | Found a transporter.
 28277 | Gauntlet | Found a transporter.
 28283 | Gauntlet | Noticed a green death
 28297 | Gauntlet | Found a transporter.
 28310 | Gauntlet | Found a transporter.
 28316 | Gauntlet | Noticed a wretched star
 28319 | Gauntlet | Found a large runed translucent door.
 28320 | Gauntlet | Found a large runed translucent door.
 28321 | Gauntlet | Found a large runed translucent door.
 28322 | Gauntlet | Found a runed translucent gate.
 28323 | Gauntlet | Found a transporter.
 28323 | Gauntlet | Found a runed translucent gate.
 28323 | Gauntlet | Noticed a death yak
 28324 | Gauntlet | Found a runed translucent gate.
 28324 | Gauntlet | Noticed a death yak
 28325 | Gauntlet | Noticed a death yak
 28326 | Gauntlet | Found a large runed translucent door.
 28326 | Gauntlet | Noticed a death yak
 28326 | Gauntlet | Noticed a death yak
 28327 | Gauntlet | Found a large runed translucent door.
 28327 | Gauntlet | Noticed a death yak
 28337 | Gauntlet | Found a large runed translucent door.
 28338 | Gauntlet | Found a large runed translucent door.
 28339 | Gauntlet | Found a large runed translucent door.
 28339 | Gauntlet | Found a large runed translucent door.
 28339 | Gauntlet | Found a runed translucent door.
 28339 | Gauntlet | Found a runed translucent door.
 28340 | Gauntlet | Found a large runed translucent door.
 28341 | Gauntlet | Found a large runed translucent door.
 28343 | Gauntlet | Found a transporter.
 28347 | Gauntlet | Found a transporter.
 28350 | Gauntlet | Noticed a green death
 28355 | Gauntlet | Found a transporter.
 28380 | Gauntlet | Found a transporter.
 28382 | Gauntlet | Found a transporter.
 28383 | Gauntlet | Found a large runed translucent door.
 28384 | Gauntlet | Found a large runed translucent door.
 28385 | Gauntlet | Found a large runed translucent door.
 28385 | Gauntlet | Found a large runed translucent door.
 28386 | Gauntlet | Found a large runed translucent door.
 28587 | Gauntlet | Identified a scroll of acquirement
 28587 | Gauntlet | Acquired a +5 ring of evasion
 29361 | D:11     | Noticed a soul eater
 29687 | D:11     | Reached skill level 10 in Conjurations
 30062 | D:11     | Found a staircase to the Orcish Mines.
 30137 | D:11     | Reached XP level 12. HP: 68/68 MP: 24/24
 30329 | D:11     | Noticed Fannar
 30342 | D:11     | Killed Fannar
 30343 | D:11     | Reached skill level 5 in Poison Magic
 31066 | Lair:1   | Entered Level 1 of the Lair of Beasts
 31565 | Lair:1   | Found a hide-covered altar of Uskayaw.
 33108 | Lair:2   | Noticed a catoblepas
 33125 | Lair:2   | Killed a catoblepas
 33889 | Lair:2   | Reached skill level 10 in Fire Magic
 34140 | Lair:2   | Found a staircase to the Snake Pit.
 37052 | Lair:3   | Found a staircase to the Shoals.
 38828 | Lair:4   | Reached XP level 13. HP: 64/72 MP: 22/26
 41653 | D:12     | Slain by a freezing wraith

Illustrated notes

Levels and vault maps discovered:
D:1:      nzn_arrival_water_spiral, layout_basic, serial_glass, glass_columns_b,
          glass_columns_b
D:2:      layout_loops_cross, basic_altar, uniq_crazy_yiuf_cottage, uniq_jessica
D:3:      layout_basic, gammafunk_ghost_necromancy
D:4:      layout_rooms, minmay_temple_entry_arrows, minmay_surrounded
D:5:      layout_basic, lemuel_crystal_altar, uniq_pikel
D:6:      layout_basic, mainiacjoe_overflow_brackets,
          lightli_ossuary_entry_decrepit_ruins, minivault_1,
          kennysheep_generic_room_8, uniq_duvessa, uniq_maggie
D:7:      layout_loops_cross, minmay_a_box_with_orc_wizards_in_it
D:8:      layout_basic, mainiacjoe_overflow_24_doors, enter_bailey_6,
          serial_shops, nicolae_shop_hallway_stairs
D:9:      layout_long_grid, nicolae_overflow_hidden_temple,
          lemuel_mausoleum_altar_yredelemnul, lightli_minifort
D:10:     layout_irregular_city, mainiacjoe_overflow_two_lobes,
          lair_entry_dummy, minivault_20
D:11:     layout_stronghold, david_orc_2, gauntlet_entry_generic,
          hangedman_decor_clover_reticule, uniq_fannar
D:12:     layout_basic, st_stairs_3
Temple:   bh_familiar_temple
Lair:1:   layout_gridlike, basic_altar
Lair:2:   layout_loops_ring, guppyfry_snake_entry_island, beast_lair_carwin_3
Lair:3:   layout_misc_corridors, shoals_dummy_entry
Lair:4:   layout_regular_city, minmay_hedge_maze, st_stairs_5

Skill      XL: |  1  2  3  4  5  6  7  8  9 10 11 12 13 |
---------------+----------------------------------------+-----
Conjurations   | 2 3 4 5 6 8 10 11 | 11.5
Spellcasting   | 3 4 5 6 7 8 9 |  9.9
Fire Magic     | 4 5 6 7 8 9 10 11 | 11.0
Fighting       | 2 5 |  5.0
Summonings     | 2 4 5 |  5.5
Shields        | 5 6 8 9 |  9.8
Poison Magic   | 4 5 |  5.6
Dodging        | |  1.5
Stealth        | |  2.1

Action                     |  1- 3 |  4- 6 |  7- 9 | 10-12 | 13-15 || total
---------------------------+-------+-------+-------+-------+-------++-------
  Melee: Unarmed           |     1 |       |       |       |       ||     1
         Whip              |     8 |       |       |       |       ||     8
         Quarterstaff      |       |     3 |       |       |       ||     3
         Mace              |       |       |    13 |    37 |       ||    50
         Punch             |       |       |       |     1 |       ||     1
         Staff             |       |       |       |     1 |     3 ||     4
   Cast: Foxfire           |    65 |    67 |   324 |   440 |    45 ||   941
         Scorch            |     2 |    30 |   101 |   224 |    39 ||   396
         Summon Guardian G |       |       |       |    51 |    12 ||    63
         Fulminant Prism   |       |       |       |     3 |       ||     3
         Olgreb's Toxic Ra |       |       |       |    51 |    12 ||    63
  Evoke: Wand              |       |       |       |       |     1 ||     1
    Use: Potion            |     1 |       |     2 |     2 |       ||     5
         Scroll            |       |     3 |    10 |    22 |     1 ||    36
 Armour: Robe              |     6 |    22 |    42 |       |       ||    70
         Steam dragon scal |       |       |       |   193 |    55 ||   248
  Dodge: Dodged            |    12 |    25 |    64 |   187 |    22 ||   310
